 Dungeon Crawl Stone Soup version 0.19.5 (webtiles) character file.

607 miragecloak the Stinger (level 7, 3/43 HPs)
             Began as an Octopode Transmuter on May 16, 2017.
             Quit the game on level 4 of the Dungeon.
             The game lasted 00:05:39 (6437 turns).

miragecloak the Stinger (Octopode Transmuter)       Turns: 6437, Time: 00:05:40

Health: 3/43       AC:  1    Str: 10    XL:     7   Next: 43%
Magic:  9/10       EV: 13    Int: 15    God:
Gold:   154        SH:  0    Dex: 14    Spells: 2 memorised, 6 levels left

rFire  . . .     SeeInvis +       - Unarmed
rCold  + . .     Gourm    .     (no shield)
rNeg   . . .     Faith    .     (helmet restricted)
rPois  .         Spirit   .     (no amulet)
rElec  .         Reflect  .     m - ring of protection from cold
rCorr  .         Harm     .     (no ring)
MR     .....                    x - ring of see invisible
Stlth  ++........               (no ring)
                                (no ring)
                                (no ring)
                                (no ring)
                                (no ring)

@: no status effects
A: almost no armour, stealthy swim, amphibious, 8 rings, constrict 8, camouflage
1, gelatinous body 1
a: no special abilities


You were on level 4 of the Dungeon.
You were not hungry.

You visited 1 branch of the dungeon, and saw 4 of its levels.

You collected 259 gold pieces.
You spent 105 gold pieces at shops.

Inventory:

Missiles
 a - 108 arrows
Jewellery
 m - a ring of protection from cold (left tentacle)
 n - an uncursed ring of fire
 w - the ring of the Republic {+Blink rF+ Int+3 SInv, unknown}
   (You found it on level 4 of the Dungeon)

   [ring of intelligence]

   It affects your intelligence (+3).
   It protects you from fire.
   It lets you see invisible.
   It lets you blink.
 x - a ring of see invisible (on tentacle)
Scrolls
 c - 3 scrolls of fear
 e - a scroll of immolation {unknown}
 g - 4 scrolls of amnesia {unknown}
 h - 6 scrolls of identify
 i - 3 scrolls of remove curse {unknown}
 j - 4 scrolls of enchant armour {unknown}
 o - 2 scrolls of teleportation
 t - a scroll of random uselessness {unknown}
 v - 2 scrolls of fog
Potions
 d - 2 potions of cancellation {unknown}
 f - a potion of lignification {unknown}
 k - a potion of curing {unknown}
 l - a potion of brilliance {unknown}
 r - 3 potions of flight {unknown}
 s - 2 potions of invisibility {unknown}
 u - a potion of heal wounds
 z - a potion of might {unknown}
Books
 b - a book of Changes

   Spells                             Type                      Level
   a - Beastly Appendage              Transmutation                1
   b - Sticks to Snakes               Transmutation                2
   c - Spider Form                    Transmutation/Poison         3
   d - Ice Form                       Ice/Transmutation            4
   e - Blade Hands                    Transmutation                5
 y - a book of Cantrips

   Spells                             Type                      Level
   a - Confusing Touch                Hexes                        1
   b - Animate Skeleton               Necromancy                   1
   c - Summon Small Mammal            Summoning                    1
   d - Apportation                    Translocation                1
Comestibles
 p - 3 meat rations
 q - 2 bread rations
 A - 2 chunks of flesh


   Skills:
 - Level 1.0 Fighting
 - Level 2.0 Dodging
 + Level 4.9 Unarmed Combat
 - Level 2.0 Spellcasting
 - Level 4.2 Transmutations
 - Level 6.4 Poison Magic


You had 6 spell levels left.
You knew the following spells:

 Your Spells              Type           Power        Failure   Level  Hunger
a - Beastly Appendage     Tmut           ##....       4%          1    #......
b - Spider Form           Tmut/Pois      ###.......   10%         3    ###....


Dungeon Overview and Level Annotations

Branches:
Dungeon (4/15)
 Temple: D:4-7

Altars:
Kikubaaqudgha
Nemelex Xobeh
Okawaru
Sif Muna
Vehumet
Xom
Zin

Shops:
D:4 ?

Annotations:
D:3 Onaxys's ghost, amateur OgBe


Innate Abilities, Weirdness & Mutations

You cannot wear most types of armour.
You are very stealthy in the water. (Stealth+)
You are amphibious.
You can wear up to eight rings at the same time.
You can use your tentacles to constrict eight enemies at once.
Your skin changes colour to match your surroundings (Stealth+).
Your rubbery body absorbs attacks. (AC +1, EV +1)


Message History

You hit the orc.
The orc is almost dead.
Your transformation has ended.
You kill the orc!
Items here: )) [ †† a short sword; a dagger; a robe; an orc corpse x2
Unknown command.
Butcher an orc corpse? [(y)es/(c)hoosy/(n)o/(a)ll/(e)dible/(q)uit/?]
Butcher an orc corpse? [(y)es/(c)hoosy/(n)o/(a)ll/(e)dible/(q)uit/?]
You butcher the orc corpse.
A - a chunk of flesh
Items here: )) [ † a short sword; a dagger; a robe; an orc corpse
Okay, then.
You butcher the orc corpse.
A - 2 chunks of flesh (gained 1)
Items here: )) [ ÷ a short sword; a dagger; a robe; an orc skeleton
Okay, then.
Are you sure you want to abandon this character and quit the game? (Confirm with "yes".)

## ## ### #..#.####
##.# #....#.# #..#
##.#.## #..# #@)#..#
##.## ####.##..##
#...### #.#.###...##
##.##..#
#..####....###.......
###..#......#........
##............(....
###...............
##.<..........## #.
##....#.....##..


There were no monsters in sight!

Vanquished Creatures
  Edmund (D:4)
  A phantom (D:4)
  An orc priest (D:4)
  4 orc wizards
  A hound (D:4)
  3 worker ants (D:4)
  9 adders
  An ooze (D:3)
  2 dart slugs
  3 leopard geckos
  4 orcs
  6 bats
  9 giant cockroaches
  4 goblins
  10 hobgoblins
  3 jackals (D:2)
  2 quokkas
  A ball python (D:4)
  6 frilled lizards
  A jackal skeleton (D:4)
  6 kobolds
  A leopard gecko skeleton (D:4)
  5 rats
84 creatures vanquished.

Notes
Turn   | Place    | Note
-------+----------+-------------------------------------------
     0 | D:1      | miragecloak the Octopode Transmuter began the quest for the Orb.
     0 | D:1      | Reached XP level 1. HP: 13/13 MP: 3/3
    52 | D:1      | Reached XP level 2. HP: 4/18 MP: 5/5
   726 | D:1      | Reached XP level 3. HP: 9/23 MP: 4/6
  1336 | D:2      | Reached XP level 4. HP: 8/28 MP: 7/7
  1693 | D:2      | Learned a level 3 spell: Spider Form
  1737 | D:1      | Reached skill level 1 in Poison Magic
  2456 | D:3      | Reached skill level 2 in Poison Magic
  2474 | D:3      | Noticed Onaxys's ghost (amateur OgBe)
  2828 | D:3      | Reached XP level 5. HP: 22/33 MP: 4/8
  2957 | D:3      | Reached skill level 3 in Poison Magic
  3040 | D:3      | Reached skill level 4 in Poison Magic
  3776 | D:3      | Reached XP level 6. HP: 29/38 MP: 5/9
  4005 | D:4      | Found Haucw's Magic Scroll Shoppe.
  4018 | D:4      | Bought a scroll of teleportation for 30 gold pieces
  4018 | D:4      | Bought a scroll of fear for 35 gold pieces
  4018 | D:4      | Bought a scroll of identify for 20 gold pieces
  4018 | D:4      | Bought a scroll of fog for 20 gold pieces
  4038 | D:4      | Reached skill level 5 in Poison Magic
  4064 | D:4      | Noticed a phantom
  4685 | D:4      | Got a translucent brass ring
  4903 | D:4      | Found a shimmering altar of Xom.
  4903 | D:4      | Found an ancient bone altar of Kikubaaqudgha.
  5130 | D:4      | Noticed Edmund
  5170 | D:4      | Killed Edmund
  5170 | D:4      | Reached skill level 6 in Poison Magic
  5725 | D:4      | HP: 1/38 [poisoned by a worker ant]
  6034 | D:4      | Found a radiant altar of Vehumet.
  6035 | D:4      | Found an iron altar of Okawaru.
  6035 | D:4      | Found a glowing silver altar of Zin.
  6038 | D:4      | Found a sparkling altar of Nemelex Xobeh.
  6194 | D:4      | Killed a phantom
  6194 | D:4      | Reached XP level 7. HP: 19/43 MP: 8/10
  6226 | D:4      | Found a deep blue altar of Sif Muna.
  6426 | D:4      | HP: 2/43 [orc/short sword (6)]
  6437 | D:4      | Quit the game

Skill      XL: |  1  2  3  4  5  6 |
---------------+-------------------+-----
Transmutations | 3 4 |  4.2
Poison Magic   | 2 4 6 |  6.4
Unarmed Combat | 4 |  4.9
Fighting       | |  1.0
Dodging        | |  2.0
Spellcasting   | |  2.0

Action                   |  1- 3 |  4- 6 |  7- 9 || total
-------------------------+-------+-------+-------++-------
Melee: Unarmed           |    95 |   161 |    33 ||   289
       Tentacles         |    14 |    11 |       ||    25
       Constrict         |    28 |    11 |       ||    39
       Kick              |    16 |     5 |       ||    21
 Cast: Beastly Appendage |    22 |     3 |       ||    25
       Spider Form       |       |    24 |     4 ||    28
 Stab: Sleeping          |     6 |     4 |       ||    10
  Eat: Chunk             |     2 |     9 |       ||    11
       Bread ration      |       |     2 |     1 ||     3
Armor: Skin              |     9 |    13 |       ||    22
Dodge: Dodged            |    51 |   137 |    35 ||   223
